General information
- name: GRUDGE
- type: Custom game
- host: kunt.roIl
- saver: BRB.Pizza
map: SecretValley
- players: 5
- length: 36:44
- speed: Fast
- version: 1.21 W3XP
- replay type: Public
» download(113 KB)
Players
team 1 (winner)

»
Espr (
pink | 50 APM | 1845 actions | 36:44)
6 Far Seer
3 Feral Spirit
2 Chain Lighting
1 Earth Quake
5 Shadow Hunter
3 Healing Wave
1 Serpent Ward
1 Hex
» actions
| Assign group hotkey | 15 | |
| Basic commands | 222 | |
| Build / train | 60 | |
| ESC pressed | 4 | |
| Enter build submenu | 34 | |
| Enter hero's abilities submenu | 11 | |
| Right click | 740 | |
| Select / deselect | 457 | |
| Select group hotkey | 200 | |
| Use ability | 102 | |
1845 total
» units
| Peon | 13 | |
| Grunt | 7 | |
| Demolisher | 4 | |
| Wind Rider | 3 | |
| Troll Headhunter/Berserker | 3 | |
| Troll Batrider | 6 | |
36 total
» upgrades
| Berserker Strength | 1 | |
| Ranged Weapons | 1 | |
| Armor | 1 | |
| Envenomed Spears | 1 | |
| Liquid Fire | 1 | |
| Pillage | 1 | |
6 total
» buildings
| Altar of Storms | 1 | |
| Orc Burrow | 9 | |
| Barracks | 1 | |
| War Mill | 1 | |
| Stronghold | 1 | |
| Watch Tower | 11 | |
| Voodoo Lounge | 2 | |
| Beastiary | 2 | |
| Fortress | 1 | |
| Great Hall | 2 | |
31 total
» build order
00:05 Altar of Storms
00:22 Orc Burrow
01:04 Barracks
01:46 Orc Burrow
02:14 War Mill
02:50 Orc Burrow
03:10 Stronghold
03:37 Watch Tower
04:17 Orc Burrow
04:53 Voodoo Lounge
05:14 Watch Tower
05:36 Watch Tower
06:34 Orc Burrow
07:33 Watch Tower
10:32 Watch Tower
12:06 Watch Tower
12:26 Watch Tower
12:52 Watch Tower
13:33 Beastiary
14:16 Watch Tower
15:08 Fortress
15:19 Watch Tower
15:24 Orc Burrow
16:00 Watch Tower
17:18 Voodoo Lounge
17:41 Orc Burrow
18:43 Beastiary
18:55 Orc Burrow
20:15 Orc Burrow
22:28 Great Hall
23:18 Great Hall
» items
| Healing Salve | 1 | |
| Potion of Healing | 1 | |
2 total
team 2 (loser)
HelloGentlemen (
red | 65 APM | 2384 actions | 36:44)
5 Archmage
3 Summon Water Elemental
2 Brilliance Aura
4 Firelord
2 Summon Lava Spawn
2 Incinerate
» actions
| Assign group hotkey | 186 | |
| Basic commands | 308 | |
| Build / train | 83 | |
| Enter build submenu | 29 | |
| Enter hero's abilities submenu | 9 | |
| Give item / drop item | 3 | |
| Remove unit from queue | 5 | |
| Right click | 809 | |
| Select / deselect | 532 | |
| Select group hotkey | 320 | |
| Use ability | 99 | |
2384 total
» units
| Peasant | 11 | |
| Footman | 31 | |
| Gryphon Rider | 4 | |
| Dragonhawk Rider | 3 | |
| Rifleman | 4 | |
53 total
» upgrades
| Defend | 1 | |
| Storm Hammers | 1 | |
| Animal War Training | 1 | |
| Swords | 1 | |
4 total
» buildings
| Altar of Kings | 1 | |
| Farm | 7 | |
| Barracks | 4 | |
| Arcane Vault | 1 | |
| Keep | 1 | |
| Arcane Tower | 3 | |
| Lumber Mill | 1 | |
| Gryphon Aviary | 2 | |
| Castle | 1 | |
| Town Hall | 3 | |
| Blacksmith | 1 | |
| Arcane Sanctum | 2 | |
27 total
» build order
00:06 Altar of Kings
00:10 Farm
00:36 Barracks
01:11 Farm
01:48 Arcane Vault
02:54 Farm
03:34 Farm
04:18 Keep
04:45 Farm
07:20 Farm
07:59 Arcane Tower
08:09 Barracks
08:21 Arcane Tower
08:51 Barracks
08:55 Barracks
09:16 Arcane Tower
14:50 Lumber Mill
16:58 Gryphon Aviary
17:00 Castle
17:14 Gryphon Aviary
20:39 Town Hall
20:55 Town Hall
21:49 Blacksmith
23:35 Farm
24:41 Arcane Sanctum
24:55 Arcane Sanctum
26:22 Town Hall
» items
| Scroll of Regeneration | 1 | |
| Ivory Tower | 4 | |
5 total
refereeskunt.roIl,
SurChodeOvKunt,
BRB.Pizza Chat log
(00:10 / All) BRB.Pizza: remember: dont sit idle
(00:12 / Referees) kunt.roIl: bets?
(00:14 / All) HelloGentlemen: HEY FAG
(00:16 / All) HelloGentlemen: YOU SUCK SHIT
(00:16 / All) HelloGentlemen: FAG
(00:29 / All) HelloGentlemen: YOUR MOM BUY YOU THIS GAME?
(00:30 / All) Espr: noob don't talk
(00:31 / All) HelloGentlemen: NIGGER GOOK SPIC
(00:37 / All) HelloGentlemen: STFU
(00:39 / All) HelloGentlemen: CRY MORE
(00:40 / All) HelloGentlemen: NOOB
(00:43 / All) kunt.roIl: HEY MY MOM IS PRO AT THIS GAME
(00:44 / All) HelloGentlemen: LITTLE BITCH
(00:45 / All) kunt.roIl: SO STFU
(01:02 / All) HelloGentlemen: SUCK
(01:02 / All) HelloGentlemen: A
(01:03 / All) HelloGentlemen: COCK
(01:13 / All) HelloGentlemen: A COCK
(01:29 / All) HelloGentlemen: RESUME MORE
(01:30 / All) HelloGentlemen: NOBO
(01:30 / All) HelloGentlemen: MANNER
(01:32 / All) HelloGentlemen: MANNER
(01:34 / All) HelloGentlemen: MANNER PLEASREE
(01:49 / Referees) kunt.roIl: is what chad's doing any good? doesnt that just make it harder to miltia/get them away?
(02:16 / All) HelloGentlemen: BITCH
(02:17 / All) HelloGentlemen: KUNT
(02:18 / All) HelloGentlemen: HOE
(02:19 / All) HelloGentlemen: NIGGER
(02:36 / Referees) SurChodeOvKunt: nice wolve scouts
(02:44 / Referees) kunt.roIl: lol
(02:47 / Referees) SurChodeOvKunt: meanwhile chad saves the poison creep for last
(03:05 / All) kunt.roIl: ps. this is a 1v1 map, so he wont have a base there espr
(03:19 / Referees) kunt.roIl: pro creeping
(03:22 / All) Espr: Scouting the creeps.
(03:25 / All) Espr: They look tough.
(03:29 / Referees) SurChodeOvKunt: hahaha
(03:31 / All) HelloGentlemen: WHAT A DUMBN IGGER
(03:32 / Referees) kunt.roIl: lol
(03:46 / Referees) BRB.Pizza: ive been afk since whatever i said at the satart of this game
(03:51 / Referees) BRB.Pizza: what have i missed
(03:54 / Referees) SurChodeOvKunt: noobs
(03:56 / Referees) kunt.roIl: dont worry nothing has happened
(03:57 / Referees) BRB.Pizza: except espr sitting idle
(04:01 / Referees) BRB.Pizza: like i told him not to
(04:07 / Referees) kunt.roIl: espr scouted out the expos
(04:08 / Referees) SurChodeOvKunt: he send wolves
(04:09 / Referees) kunt.roIl: with wolves
(04:11 / Referees) BRB.Pizza: my god
(04:11 / Referees) SurChodeOvKunt: to scout the creeps
(04:20 / Referees) SurChodeOvKunt: free exp
(04:27 / Referees) BRB.Pizza: sitting
(04:27 / All) HelloGentlemen: WAIT
(04:27 / All) HelloGentlemen: COME
(04:28 / All) HelloGentlemen: BACK
(04:30 / Referees) BRB.Pizza: idle
(04:33 / All) HelloGentlemen: LITTLE
(04:34 / All) HelloGentlemen: FUCKLING
(04:35 / All) HelloGentlemen: BITCH
(04:47 / All) BRB.Pizza: protip: dont sit idle
(04:58 / All) BRB.Pizza: if you're not going to play defensively dont build towers
(05:06 / Referees) kunt.roIl: gg grunt
(05:07 / Referees) SurChodeOvKunt: hahah
(05:09 / Referees) SurChodeOvKunt: pro chad
(05:11 / All) HelloGentlemen: GG
(05:12 / Referees) kunt.roIl: and he keeps creeping
(05:13 / Referees) kunt.roIl: lol
(05:19 / Referees) SurChodeOvKunt: i really thought espr would beat him tbh
(05:24 / Referees) SurChodeOvKunt: i guess he still could
(05:25 / Referees) BRB.Pizza: espr is really bad
(05:27 / Referees) BRB.Pizza: tbqh
(05:29 / Referees) kunt.roIl: yes
(05:32 / Referees) BRB.Pizza: amazingly
(05:32 / Referees) SurChodeOvKunt: he seems to be getting worse
(05:33 / Referees) BRB.Pizza: bad
(05:33 / Referees) SurChodeOvKunt: each game
(05:37 / Referees) BRB.Pizza: yeah no kidding
(05:47 / Referees) BRB.Pizza: jesus
(05:51 / Referees) SurChodeOvKunt: towering
(05:52 / Referees) SurChodeOvKunt: again
(05:53 / Referees) kunt.roIl: i realized this early on so decided to do the pro gyro mass
(06:01 / Referees) BRB.Pizza: hey heres some advice from a player whos quite a bit better than you
(06:04 / Referees) BRB.Pizza: *ignores it*
(06:05 / Referees) SurChodeOvKunt: he could ahve easily raped u
(06:11 / Referees) SurChodeOvKunt: if he build his chippo when he had the buildings
(06:15 / Referees) SurChodeOvKunt: which were already amazingly late
(06:29 / Referees) kunt.roIl: 3 towers
(06:30 / Referees) kunt.roIl: no units
(06:35 / Referees) kunt.roIl: towers and heroes
(06:37 / Referees) BRB.Pizza: theres more reason for his tier 2 this game so far
(06:37 / Referees) kunt.roIl: pro
(06:42 / Referees) BRB.Pizza: grunt tech and a 2nd hero
(07:04 / Referees) kunt.roIl: free slippers
(07:08 / Referees) SurChodeOvKunt: vs towers that are already up
(07:17 / Referees) BRB.Pizza: has he got defend?
(07:22 / Referees) SurChodeOvKunt: i havent seen
(07:30 / Referees) kunt.roIl: t2 but no beastery
(07:31 / Referees) BRB.Pizza: jesus christ
(07:35 / Referees) SurChodeOvKunt: lvl 3 and a firelord
(07:36 / Referees) BRB.Pizza: t2 but no reason for being t2
(07:44 / Referees) SurChodeOvKunt: if espr gets wards first
(07:49 / Referees) SurChodeOvKunt: could be bad for cahd
(07:54 / Referees) BRB.Pizza: defend men
(07:55 / Referees) kunt.roIl: call
(07:56 / Referees) SurChodeOvKunt: defend
(07:56 / Referees) SurChodeOvKunt: gg
(07:56 / Referees) BRB.Pizza: nope
(07:57 / Referees) kunt.roIl: burrows
(07:57 / Referees) BRB.Pizza: this
(07:59 / Referees) BRB.Pizza: is
(08:00 / Referees) BRB.Pizza: over
(08:10 / Referees) SurChodeOvKunt: peasants attacking haha
(08:21 / Referees) BRB.Pizza: am down?
(08:22 / Referees) BRB.Pizza: nope
(08:23 / Referees) kunt.roIl: burrows and repair
(08:31 / Referees) kunt.roIl: 1 peon repairing tower
(08:32 / Referees) kunt.roIl: pro
(08:45 / Referees) SurChodeOvKunt: arcane towers
(08:46 / Referees) SurChodeOvKunt: hahahah
(08:48 / Referees) SurChodeOvKunt: poor chad
(08:53 / Referees) kunt.roIl: hes got no mill
(08:54 / Referees) BRB.Pizza: also espr keeps finding reasons for his losses which arent the actual reason why he lost
(08:55 / Referees) kunt.roIl: funny shit
(09:05 / Referees) BRB.Pizza: didnt use dh well enough
(09:08 / Referees) BRB.Pizza: yeah thats why
(09:13 / Referees) kunt.roIl: 1200 gold
(09:22 / Referees) SurChodeOvKunt: lol
(09:25 / Referees) kunt.roIl: wtf?
(09:27 / Referees) BRB.Pizza: guys a class a noob
(09:31 / Referees) BRB.Pizza: g o d
(09:55 / Referees) kunt.roIl: 1500 gold
(09:59 / Referees) kunt.roIl: not building more towers
(10:02 / Referees) kunt.roIl: or more peons
(10:04 / Referees) BRB.Pizza: plus he cant tell when he has lost
(10:08 / Referees) kunt.roIl: or any t2 buildings
(10:11 / Referees) BRB.Pizza: which is as soon as the game began
(10:29 / Referees) BRB.Pizza: killed a hero and forced a tp
(10:34 / Referees) BRB.Pizza: NOT DOING SO BAD RIGHT????????
(10:55 / Referees) kunt.roIl: 2000 gold
(10:59 / Referees) kunt.roIl: build something
(11:00 / Referees) kunt.roIl: jesus
(11:04 / Referees) BRB.Pizza: towers inside my base
(11:06 / Referees) SurChodeOvKunt: attack ground
(11:07 / Referees) BRB.Pizza: 2000 gold
(11:09 / Referees) SurChodeOvKunt: between the 2 towers
(11:13 / Referees) BRB.Pizza: cant think of anything to spend it on
(11:21 / Referees) kunt.roIl: not buying pots
(11:35 / Referees) BRB.Pizza: repairing my shop ive used to buy a single healing salve
(11:38 / Referees) BRB.Pizza: and nothing else
(11:41 / All) kunt.roIl: YOU HAVE 2400 GOLD DO SOMETHING OMG WTF?!!?!?!!??!
(11:54 / All) kunt.roIl: g
(11:55 / All) kunt.roIl: g
(12:05 / All) HelloGentlemen: G
(12:06 / All) HelloGentlemen: FUCKING
(12:06 / All) HelloGentlemen: G
(12:11 / All) SurChodeOvKunt: 1v1 noob?
(12:49 / Referees) BRB.Pizza: i think he took my dont build towers unless you're playing defensively the wrong way
(12:58 / Referees) BRB.Pizza: i should have just said dont build towers
(13:03 / Referees) kunt.roIl: lol
(13:04 / Referees) kunt.roIl: yes
(13:17 / Referees) BRB.Pizza: since i dont think he knows what playing defensively is
(13:36 / Referees) BRB.Pizza: ps. its not sitting in your base doing nothing
(13:45 / Referees) SurChodeOvKunt: here comes the tech
(13:49 / Referees) kunt.roIl: lol
(13:50 / Referees) BRB.Pizza: lol
(13:57 / Referees) BRB.Pizza: oh im at tier 2 thats right
(14:01 / Referees) BRB.Pizza: better do something!!!!
(14:13 / Referees) SurChodeOvKunt: chads wasted
(14:16 / Referees) SurChodeOvKunt: so much gold tho
(14:24 / Referees) SurChodeOvKunt: espr wins via banking
(14:29 / Referees) SurChodeOvKunt: (during a tower push)
(14:33 / Referees) BRB.Pizza: that would be seriously lol
(14:40 / Referees) SurChodeOvKunt: ssss
(14:41 / Referees) SurChodeOvKunt: ss
(14:42 / Referees) SurChodeOvKunt: sss
(14:42 / Referees) SurChodeOvKunt: ssss
(14:43 / Referees) kunt.roIl: if he buys some pots and spams chain he could push that back
(14:59 / Referees) BRB.Pizza: he has 2 heroes and 3 arcane towers
(15:11 / Referees) BRB.Pizza: he could do just about anything except what he is doing to push it back
(15:12 / Referees) SurChodeOvKunt: wind
(15:13 / Referees) SurChodeOvKunt: rydats
(15:14 / Referees) BRB.Pizza: lollllllll
(15:21 / Referees) SurChodeOvKunt: great vs summons
(15:23 / Referees) BRB.Pizza: WHY THE FUCK IS HE TECHING DURINGA PUSH
(15:33 / Referees) SurChodeOvKunt: needs buring oil
(15:37 / Referees) kunt.roIl: lol
(15:52 / Referees) SurChodeOvKunt: its not like hes short on cash
(15:55 / Referees) BRB.Pizza: i would absolutely not be suprised if he hits tier 3 gets burning oil and poison spears
(15:57 / Referees) SurChodeOvKunt: might need to save up wood now tho
(16:10 / Referees) BRB.Pizza: having excess resources is the absolute worst reason to tech
(16:17 / Referees) SurChodeOvKunt: dont micro demo now
(16:22 / Referees) SurChodeOvKunt: u got 1 to spart
(16:23 / Referees) SurChodeOvKunt: spare
(16:31 / Referees) BRB.Pizza: tbh it will live
(16:33 / Referees) kunt.roIl: o shit
(16:37 / Referees) kunt.roIl: owned am
(16:47 / Referees) SurChodeOvKunt: ish havent u ever heard the saying
(16:49 / Referees) SurChodeOvKunt: dont say gg
(16:52 / Referees) SurChodeOvKunt: till its gg
(16:54 / Referees) kunt.roIl: lol
(17:09 / Referees) kunt.roIl: i thought even chad couldnt lose this
(17:11 / Referees) kunt.roIl: but i was wrong
(17:13 / Referees) BRB.Pizza: why is ish 2k gold behind mined
(17:24 / Referees) SurChodeOvKunt: hahaha
(17:24 / Referees) BRB.Pizza: 4 peasants?
(17:27 / Referees) kunt.roIl: 4 on gold
(17:28 / Referees) BRB.Pizza: l o l
(17:29 / Referees) kunt.roIl: ahahahaha
(17:37 / All) HelloGentlemen: Tower up more noob
(17:43 / Referees) kunt.roIl: its very sad that chad is going to lose this
(17:44 / All) HelloGentlemen: Waste some fucking time
(17:47 / Referees) BRB.Pizza: i love how shit like that adds up to such a huge amount over the course of a game
(17:47 / All) SurChodeOvKunt: man chad i wish u had 2000 gold right about now
(18:02 / All) kunt.roIl: o chad
(18:08 / All) kunt.roIl: count your peons for me
(18:09 / Referees) BRB.Pizza: also what the fuck is this base design?
(18:13 / Referees) SurChodeOvKunt: gaurding rear entrance to base
(18:17 / Referees) kunt.roIl: lol
(18:35 / Referees) SurChodeOvKunt: hmmm
(18:41 / Referees) BRB.Pizza: 4 gold still
(18:41 / Referees) SurChodeOvKunt: do wind riders beat gryphs with upgrades
(18:52 / Referees) SurChodeOvKunt: i knoew peirce so i guess they would
(18:54 / Referees) BRB.Pizza: with summons backing the gryphs now
(18:56 / Referees) BRB.Pizza: no
(18:56 / Referees) SurChodeOvKunt: but gryph gots lotss of hp
(19:03 / Referees) SurChodeOvKunt: i was just think
(19:04 / Referees) BRB.Pizza: when used properly yeah they can fuck them
(19:04 / Referees) SurChodeOvKunt: in
(19:05 / Referees) SurChodeOvKunt: 1v1
(19:10 / Referees) kunt.roIl: 2k gold
(19:13 / Referees) kunt.roIl: no grunts
(19:15 / Referees) kunt.roIl: no items
(19:17 / Referees) kunt.roIl: no creeping
(19:18 / Referees) SurChodeOvKunt: or 6v6
(19:26 / Referees) SurChodeOvKunt: hes gotta rest
(19:29 / Referees) SurChodeOvKunt: after that hard battle
(19:31 / Referees) BRB.Pizza: hahaha hes getting burning oi
(19:33 / Referees) SurChodeOvKunt: head
(19:33 / Referees) BRB.Pizza: for bats
(19:33 / Referees) SurChodeOvKunt: hunter
(19:38 / Referees) BRB.Pizza: liquid fire
(19:43 / Referees) BRB.Pizza: for bats he doesnt have
(19:45 / Referees) kunt.roIl: random shit
(19:53 / Referees) kunt.roIl: if he hit right now he wins
(19:58 / Referees) BRB.Pizza: BATS
(20:09 / Referees) kunt.roIl: why doesnt he expo?
(20:10 / Referees) BRB.Pizza: no wartraining coming anytime soon
(20:19 / Referees) BRB.Pizza: b/c noobs dont do these things
(20:30 / Referees) BRB.Pizza: no purpose in their actions
(20:47 / Referees) BRB.Pizza: b/c noobs
(20:59 / Referees) kunt.roIl: 1200 gold
(21:24 / Referees) SurChodeOvKunt: demos
(21:25 / Referees) SurChodeOvKunt: tanking
(21:26 / Referees) SurChodeOvKunt: creeps
(21:31 / Referees) BRB.Pizza: noobs only think to expo when their original mine is empty
(21:31 / Referees) kunt.roIl: bc they will heal
(21:34 / Referees) kunt.roIl: hes at a fountain
(21:40 / Referees) BRB.Pizza: hahaha
(21:41 / Referees) SurChodeOvKunt: LOL
(21:41 / Referees) kunt.roIl: ahahahaha
(21:44 / Referees) kunt.roIl: ahahahahahahahaha
(21:46 / Referees) kunt.roIl: funny shit
(21:51 / Referees) BRB.Pizza: i dont even know if that was on purpose or not
(21:54 / Referees) BRB.Pizza: but i doubt it
(21:57 / Referees) kunt.roIl: "i dont need this demo, its on fire"
(22:08 / Referees) BRB.Pizza: an expo coming
(22:15 / Referees) BRB.Pizza: after his original one is out
(22:17 / Referees) kunt.roIl: maybe 2 if hes smart
(22:23 / Referees) BRB.Pizza: hes not
(22:32 / Referees) SurChodeOvKunt: FYI ish i had a purpse last game when i suicded those 5 acos
(22:34 / Referees) BRB.Pizza: hahaha
(22:35 / Referees) BRB.Pizza: owned.
(22:43 / Referees) BRB.Pizza: hh lost to creeps
(22:45 / Referees) BRB.Pizza: maybe sh too
(22:46 / Referees) BRB.Pizza: tt
(22:49 / Referees) kunt.roIl: almost
(22:58 / All) HelloGentlemen: OH FUCK DAT
(23:00 / Referees) kunt.roIl: ahahahahaha
(23:01 / Referees) BRB.Pizza: if he uses thes bats???
(23:02 / Referees) kunt.roIl: nice port
(23:06 / Referees) kunt.roIl: see that port?
(23:10 / Referees) kunt.roIl: it was pro
(23:12 / Referees) BRB.Pizza: hahahah
(23:12 / Referees) SurChodeOvKunt: b
(23:15 / Referees) SurChodeOvKunt: a
(23:15 / Referees) SurChodeOvKunt: t
(23:16 / Referees) SurChodeOvKunt: s
(23:22 / Referees) SurChodeOvKunt: now the expo starts
(23:23 / Referees) BRB.Pizza: tp without any other part of your army
(23:32 / Referees) kunt.roIl: ?
(23:39 / Referees) kunt.roIl: go
(23:40 / Referees) kunt.roIl: hit
(23:41 / Referees) kunt.roIl: that
(23:42 / Referees) kunt.roIl: plz
(23:49 / Referees) SurChodeOvKunt: war trained
(24:00 / Referees) BRB.Pizza: when there are games like this imbalance just goes out the window
(24:08 / Referees) BRB.Pizza: its lack of skill v lack of skill
(24:15 / Referees) kunt.roIl: lol
(24:15 / Referees) SurChodeOvKunt: better run
(24:17 / Referees) kunt.roIl: doesnt finish it
(24:28 / Referees) SurChodeOvKunt: 1100 gold
(24:29 / Referees) kunt.roIl: army in base
(24:31 / Referees) SurChodeOvKunt: you need to get expo up
(24:37 / Referees) SurChodeOvKunt: def not worth it to spend money
(24:46 / Referees) kunt.roIl: gotta save money in case expo gets hit
(24:53 / Referees) SurChodeOvKunt: maybe he force tp now
(25:02 / Referees) SurChodeOvKunt: nvm chad no tp all game
(25:06 / Referees) SurChodeOvKunt: cancel
(25:17 / Referees) BRB.Pizza: o chad got wartraining
(25:33 / Referees) kunt.roIl: chads main still not empy
(25:34 / Referees) SurChodeOvKunt: good time to creep
(25:40 / Referees) BRB.Pizza: if espr massed up bats right now he could win
(25:45 / Referees) BRB.Pizza: lollllllllllllll
(25:47 / Referees) BRB.Pizza: main down
(25:52 / Referees) SurChodeOvKunt: if he massed anything that hits air
(26:02 / All) BRB.Pizza: ps. chad you had 4 peasants on gold you were about 3k gold mined behind
(26:02 / All) HelloGentlemen: Fucking flaming faggotr
(26:06 / Referees) SurChodeOvKunt: if this guys loses all his bats to those hawks
(26:14 / Referees) SurChodeOvKunt: will be l o l
(26:28 / All) BRB.Pizza: way to noob up the simplest part of the game chad
(26:32 / Referees) BRB.Pizza: hahahaha
(26:35 / Referees) kunt.roIl: lolol
(26:41 / Referees) SurChodeOvKunt: at least he only lost 3
(26:42 / All) kunt.roIl: if only bats
(26:45 / All) kunt.roIl: had an ability
(26:46 / Referees) SurChodeOvKunt: better than i thought he owuld do
(26:48 / All) HelloGentlemen: STFU
(26:49 / All) HelloGentlemen: ASSHOLE
(27:02 / Referees) SurChodeOvKunt: gaurding the base
(27:04 / All) BRB.Pizza: sirchadofjesuschristyou'refuckingterrible
(27:06 / Referees) kunt.roIl: lol
(27:25 / Referees) kunt.roIl: doesnt try to retake
(27:26 / Referees) BRB.Pizza: tried to expo once, never again
(27:37 / Referees) SurChodeOvKunt: ghhahahahah
(27:38 / Referees) kunt.roIl: blew up 1 bat
(27:40 / Referees) kunt.roIl: lol
(27:49 / Referees) SurChodeOvKunt: lvl 1 wards
(27:55 / Referees) SurChodeOvKunt: on lvl 4 sh
(27:56 / All) BRB.Pizza: chad dont even dare consider this a victory
(28:04 / Referees) kunt.roIl: needs
(28:05 / Referees) kunt.roIl: more chain
(28:28 / All) HelloGentlemen: FYI I have no idea how to play human
(28:28 / All) kunt.roIl: so
(28:31 / Referees) SurChodeOvKunt: did he get cloud
(28:31 / All) kunt.roIl: espr
(28:35 / All) BRB.Pizza: fyi u have no idea how to play
(28:36 / All) SurChodeOvKunt: no idea how to play*|
(28:39 / All) kunt.roIl: you managed to blow up 1 bat out of 6
(28:45 / All) BRB.Pizza: double owned.
(28:51 / All) SurChodeOvKunt: pwned and owned
(28:59 / Referees) kunt.roIl: o shit
(29:00 / Referees) kunt.roIl: almost up
(29:22 / Referees) SurChodeOvKunt: tbh chad doesnt have problem of spending money like most noobs
(29:28 / All) BRB.Pizza: theres no point in this game either of you have gotten correct
(29:30 / Referees) kunt.roIl: but not using it
(29:44 / Referees) kunt.roIl: use
(29:45 / Referees) kunt.roIl: heroes
(29:46 / Referees) kunt.roIl: win
(29:47 / Referees) kunt.roIl: game
(30:07 / Referees) SurChodeOvKunt: hero batrider
(30:09 / Referees) kunt.roIl: bd bat
(30:10 / Referees) kunt.roIl: lol
(30:17 / Referees) kunt.roIl: why
(30:19 / Referees) kunt.roIl: the fuck
(30:21 / Referees) kunt.roIl: isnt he using his army
(30:34 / All) kunt.roIl: "too busy microing bat to use army"
(30:39 / All) SurChodeOvKunt: chad dont fly your gryphs after that bad
(30:48 / All) SurChodeOvKunt: it will kill all 4 of them and your wizard then crash your game
(31:03 / All) BRB.Pizza: blizzard will delete your account for hacking too
(31:15 / Referees) kunt.roIl: fuck repair
(31:35 / Referees) SurChodeOvKunt: watch chad lose hereos
(31:42 / Referees) BRB.Pizza: oh god if he kills that then retreats without losing anything
(31:46 / Referees) BRB.Pizza: this could be a long game
(31:52 / Referees) kunt.roIl: gg am
(31:53 / Referees) kunt.roIl: lol
(31:55 / Referees) SurChodeOvKunt: yeah chad lose herose
(32:04 / Referees) kunt.roIl: chad loses game
(32:09 / Referees) BRB.Pizza: hahahhaha
(32:13 / Referees) BRB.Pizza: sh in trouble
(32:21 / Referees) kunt.roIl: pro heals
(32:33 / Referees) BRB.Pizza: HEAL
(32:37 / Referees) BRB.Pizza: hahahah sh lives
(32:51 / Referees) kunt.roIl: but doesnt bring him back
(32:55 / Referees) kunt.roIl: to heal seer
(32:57 / Referees) BRB.Pizza: fs use POTION
(32:58 / Referees) SurChodeOvKunt: if he dies
(33:06 / Referees) BRB.Pizza: sh coming
(33:06 / Referees) kunt.roIl: here comes sh
(33:16 / Referees) SurChodeOvKunt: gangbanged
(33:17 / Referees) kunt.roIl: lol
(33:18 / Referees) BRB.Pizza: even gets in range to bounce
(33:25 / All) BRB.Pizza: jesus christ chad
(33:32 / All) kunt.roIl: how did u lose this chad?
(33:36 / All) kunt.roIl: im so confused....
(33:47 / All) BRB.Pizza: do you have a mouse attached to your computer or do you have to type every command?
(33:49 / Referees) SurChodeOvKunt: im not that surprised tbh
(33:51 / All) HelloGentlemen: I dont know how to play human past the tower rush and I forgot blumber mill
(33:58 / All) BRB.Pizza: blumber
(34:00 / All) BRB.Pizza: mill
(34:12 / All) SurChodeOvKunt: only thing opponent has left is gryphons
(34:16 / All) SurChodeOvKunt: better get equake
(34:32 / All) BRB.Pizza: there was more wrong with your play then there was human specific stuff
(34:47 / All) kunt.roIl: like having 4 on gold the whole game
(34:58 / All) kunt.roIl: you were about 3k gold behind
(34:59 / All) BRB.Pizza: what human has to have 5 peasants on gold?
(35:05 / All) BRB.Pizza: THIS IS DIFFERENT TO EVERY OTHER RACE
(35:12 / All) SurChodeOvKunt: usually the ones that arent trying to lose
(35:20 / All) HelloGentlemen: whateva, during this mission I killed like 20 goblin lords
(35:29 / All) BRB.Pizza: nilbog
(35:49 / All) Espr: So.
(35:52 / All) Espr: noob.
(35:53 / All) kunt.roIl: frosty 2v1 these 2 nubs
(36:01 / All) HelloGentlemen: Chillrend thank you very much
(36:07 / All) BRB.Pizza: im mixing heavy and light armour
(36:10 / All) BRB.Pizza: on a spellcasting hero
(36:30 / All) HelloGentlemen: I was agi but I maxed speed and agility
(36:36 / All) HelloGentlemen: So now I am doing endurance and strength